 Dungeon Crawl Stone Soup version 0.29.1-1-gd02db6906a (webtiles) character file.

Game seed: 6082290992771498049

44 ImASeal the Shield-Bearer (level 3, -3/36 HPs)
             Began as a Troll Fighter on Oct 4, 2022.
             Slain by an orc
             ... wielding a +0 hand axe
              (6 damage)
             ... on level 1 of the Dungeon.
             The game lasted 00:01:34 (477 turns).

ImASeal the Shield-Bearer (Troll Fighter)            Turns: 477, Time: 00:01:35

Health: -3/36      AC:  4    Str: 26    XL:     3   Next: 39%
Magic:  2/2        EV:  8    Int:  4    God:
Gold:   72         SH:  7    Dex:  9    Spells: 2/2 levels left

rFire   . . .      SeeInvis .   a - +0 trident
rCold   . . .      Faith    .   c - +0 kite shield
rNeg    . . .      Spirit   .   b - +0 robe
rPois   .          Reflect  .   (helmet restricted)
rElec   .          Harm     .   (no cloak)
rCorr   .          Rampage  .   (gloves unavailable)
Will    .....                   (boots unavailable)
Stlth   +.........              (no amulet)
HPRegen 0.92/turn               (no ring)
MPRegen 0.08/turn               (no ring)

@: no status effects
A: large, unfitting armour, claws 3, regeneration 1, shaggy fur 1, tough skin 1
a: no special abilities


You were on level 1 of the Dungeon.
You visited 1 branch of the dungeon, and saw 2 of its levels.

You collected 72 gold pieces.

Inventory:

Hand Weapons
 a - a +0 trident (weapon)
Missiles
 e - 13 stones (quivered)
Armour
 b - a +0 robe (worn)
 c - a +0 kite shield (worn)
Jewellery
 p - a ring of protection from fire
Scrolls
 f - a scroll of fear {unknown}
 h - a scroll of silence {unknown}
 i - 2 scrolls of identify {unknown}
 q - a scroll of magic mapping {unknown}
Potions
 d - a potion of might
 g - a potion of degeneration {unknown}
 j - a potion of heal wounds {unknown}
 k - a potion of mutation {unknown}
 l - 2 potions of curing {unknown}
 m - a potion of lignification {unknown}
 n - a potion of flight {unknown}
 o - a potion of resistance {unknown}


   Skills:
 + Level 2.6 Fighting
 + Level 2.1 Polearms
 + Level 2.9 Dodging
 + Level 3.0 Shields


You had 2 spell levels left.
You didn't know any spells.
Your spell library contained the following spells:

 Spells                   Type           Power      Damage    Failure   Level
 Magic Dart               Conj           0%         1d3       80%         1
 Call Imp                 Summ           0%         N/A       90%         2
 Mephitic Cloud           Conj/Pois/Air  0%         N/A       99%         3


Dungeon Overview and Level Annotations

Branches:
Dungeon (2/15)

Altars:


Innate Abilities, Weirdness & Mutations

You are too large for most types of armour.
You have claws for hands.
Your natural rate of healing is unusually fast.
You are covered in fur. (AC +1)
You have tough skin. (AC +1)


Message History

The bat hits you. You block the orc's attack. x2
The endoplasm closely misses you.
You puncture the orc!
You kill the orc!
The bat hits you. The orc hits you with a +0 hand axe. The endoplasm hits you.
The bat hits you but does no damage. The endoplasm hits you.
The orc hits you with a +0 hand axe.
You are too injured to fight recklessly!
You are too injured to fight recklessly!
Unknown command.
You hit the worm.
The worm is moderately wounded.
You block the bat's attack. The endoplasm freezes you.
You are frozen.
You block the orc's attack. The endoplasm attacks as you move away!
You block the endoplasm's attack. The bat closely misses you.
The bat hits you but does no damage.
There is a stone staircase leading up here.
The bat barely misses you. The orc hits you with a +0 hand axe.
* * * LOW HITPOINT WARNING * * *
You climb upwards.
There is a stone staircase leading down here.
You are too injured to fight recklessly!
You are too injured to fight recklessly!
You are too injured to fight recklessly!
You are too injured to fight recklessly!
You are too injured to fight recklessly!
You barely miss the orc. You block the orc's attack.
You closely miss the orc. The orc barely misses you.
The orc hits you with a +0 hand axe!
* * * LOW HITPOINT WARNING * * *
You hit the orc.
The orc is severely wounded.
The orc hits you with a +0 hand axe.
* * * LOW HITPOINT WARNING * * *
You closely miss the orc.
The orc is severely wounded.
The orc hits you with a +0 hand axe.
You die...

...[.....##
####...#..#
.#####.#..#
....##....#
###....##.##
####..#..############
##.#...##........#
#.#...##..o.....#
#..#......@.....#
##..............#
#######........#
#........# #........#
##########


You could see an orc.

Vanquished Creatures
  An adder (D:2)
  4 orcs (D:2)
  3 ball pythons (D:1)
  An endoplasm (D:1)
  2 giant cockroaches (D:1)
  5 goblins (D:1)
  2 hobgoblins (D:1)
  3 jackals (D:1)
  2 quokkas (D:1)
  2 bats (D:1)
  A frilled lizard (D:1)
  A kobold (D:1)
27 creatures vanquished.

Notes
Turn   | Place    | Note
-------+----------+-------------------------------------------
     0 | D:1      | ImASeal the Troll Fighter began the quest for the Orb.
     0 | D:1      | Reached XP level 1. HP: 22/22 MP: 0/0
    66 | D:1      | Reached XP level 2. HP: 29/29 MP: 1/1
   417 | D:1      | Reached skill level 3 in Shields
   457 | D:2      | Reached XP level 3. HP: 35/36 MP: 2/2
   477 | D:1      | Slain by an orc

Illustrated notes

Levels and vault maps discovered:
D:1:      wander_arrival_peaceful_grave, layout_rooms, hex_tiny,
          minmay_pentomino_w4
D:2:      layout_rooms, dreamdust_ecumenical_altar_grove,
          kennysheep_minor_cross, lexackson_kobold_supper

Skill      XL: |  1  2 |
---------------+-------+-----
Polearms       | 2 |  2.1
Shields        | 3 |  3.0
Fighting       | |  2.6
Dodging        | |  2.9

Action                   || total
-------------------------++-------
Melee: Trident           ||    90
Armor: Robe              ||    32
Dodge: Dodged            ||    42
Block: Kite shield       ||    42
